 Dungeon Crawl Stone Soup version bcrawl-1.34.5 (console) character file.

Game seed: 10188148515562908282

135159 GodsVoicemail the Shooter (level 3, 0/64 HPs)
             Began as a Centaur Hunter on Nov 14, 2021.
             Succumbed to a worker ant's poison
             ... on level 2 of the Dungeon.
             The game lasted 00:10:14 (1032 turns).

GodsVoicemail the Shooter (Centaur Hunter)          Turns: 1032, Time: 00:10:14

Health: 0/64       AC: 21    Str: 21    XL:     3   Next: 46%
Magic:  3/3        EV:  1    Int: 11    God:
Gold:   165        SH:  0    Dex: 10    Spells: 2/2 levels left

rFire    . . .     SeeInvis .   a - +0 short sword
rCold    . . .     Gourm    .   (no shield)
rNeg     + + +     Faith    .   (armour currently unavailable)
rPois    +         Spirit   .   (helmet currently unavailable)
rElec    .         Reflect  .   (cloak currently unavailable)
rCorr    .         Harm     .   (gloves currently unavailable)
MR       .....     NoTele   +   (no barding)
Stlth    ..........             (no amulet)
HPRegen  0.20/turn              (no ring)
MPRegen  0.08/turn              (no ring)

@: berserking, lethally poisoned (0 -> -10), tree-form, hasted, very quick
A: giant, herbivore
a: no special abilities


You were on level 2 of the Dungeon.
You were very hungry.
You were a tree.
You visited 1 branch of the dungeon, and saw 2 of its levels.

You collected 165 gold pieces.

Inventory:

Hand Weapons
 a - a +0 short sword (weapon)
 b - a +2 shortbow
Missiles
 d - 237 arrows
 j - 96 stones (quivered)
 m - 96 bolts
Armour
 c - a +0 leather armour
 g - a +0 ring mail (melded)
Scrolls
 f - 3 scrolls of teleportation {unknown}
 h - a scroll of remove curse {unknown}
 i - 3 scrolls of identify
 k - a scroll of enchant weapon {unknown}
Potions
 n - a potion of lignification
Comestibles
 e - 5 rations {!d}


   Skills:
 - Level 2.1 Fighting
 * Level 6.2 Bows
 - Level 1.3 Dodging
 - Level 0.5 Stealth
 * Level 2.1 Unarmed Combat


You had 2 spell levels left.
You didn't know any spells.
Your spell library was empty.

Dungeon Overview and Level Annotations

Branches:
Dungeon (2/12)

Altars:

Annotations:
D:1 exclusion: 2 downstairs
D:2 exclusions: adder and 1 more exclusion, Sigmund


Innate Abilities, Weirdness & Mutations

((You have hooves in place of feet.))
((Armour fits poorly on your strangely shaped body.))
You are a herbivore.
((You cover ground very quickly.))
((You have extremely tough skin. (AC +3)))


Message History

You hit the adder.
The adder is almost dead.
You feel sick. The adder bites you but does no damage.
The worker ant bites you but does no damage.
You closely miss the adder.
The adder is almost dead.
The leopard gecko bites you.
* * * LOW HITPOINT WARNING * * *
The adder bites you but does no damage. The worker ant bites you.
* * * LOW HITPOINT WARNING * * *
You are more poisoned.
The worker ant poisons you!
You barely miss the adder.
The adder is almost dead.
* * * LOW HITPOINT WARNING * * *
You feel sick. The adder bites you but does no damage.
The leopard gecko bites you but does no damage.
You puncture the adder!
You kill the adder!
You die...

#. #.# .# #.## #
#..##
#.#####.§§#####
..
##.....§ZP§§§..#
...
..?...##a.§§§..#
#^#
.#.##..♣†gr≈≈≈.#
#.#
#.#.#####lZ.§≈§≈#
#.# ....#
##.≈≈≈≈.# #.#
....# #..P...#
###.##....#
####...#
#.......<.# #...#
#...##...## #..##
#...# #.##
#####.## #...#
... #.....#


You could see a worker ant, a leopard gecko, a hobgoblin, a rat, a bat skeleton
and an adder skeleton.

Vanquished Creatures
  Jessica (D:2)
  An adder (D:2)
  3 bats
  A giant cockroach (D:1)
  2 goblins
  4 hobgoblins
  A jackal (D:1)
  A quokka (D:1)
  3 frilled lizards (D:1)
  2 kobolds (D:1)
  3 rats
22 creatures vanquished.

Notes
Turn   | Place    | Note
-------+----------+-------------------------------------------
     0 | D:1      | GodsVoicemail the Centaur Hunter began the quest for the
                  | Orb.
     0 | D:1      | Reached XP level 1. HP: 17/17 MP: 1/1
   296 | D:1      | Reached skill level 1 in Unarmed Combat
   319 | D:1      | Reached XP level 2. HP: 24/24 MP: 2/2
   706 | D:2      | Noticed Jessica
   709 | D:2      | Killed Jessica
   710 | D:2      | Reached skill level 6 in Bows
   710 | D:2      | Reached XP level 3. HP: 29/29 MP: 3/3
   923 | D:2      | Noticed Sigmund
  1030 | D:2      | HP: 2/64 [worker ant (5)]
  1032 | D:2      | Succumbed to a worker ant's poison

Skill      XL: |  1  2 |
---------------+-------+-----
Unarmed Combat | 1 2 |  2.1
Bows           | 6 |  6.2
Fighting       | |  2.1
Dodging        | |  1.3
Stealth        | |  0.5

Action                   || total
-------------------------++-------
Melee: Short sword       ||    57
       Kick              ||    12
 Fire: Shortbow          ||     3
Throw: Stone             ||    29
  Use: Potion            ||     3
Armor: Ring mail         ||    22
       Leather armour    ||     4
       Skin              ||    26
Dodge: Dodged            ||    21
